 Dungeon Crawl Stone Soup version 0.19.1 (webtiles) character file.

6701 Rugargulya the Carver (level 11, -3/88 HPs)
             Began as a Gargoyle Fighter on Nov 28, 2016.
             Was a Believer of Hepliaklqana.
             Slain by DeXoteric's ghost (7 damage)
             ... on level 10 of the Dungeon on Nov 29, 2016.
             The game lasted 00:42:26 (9039 turns).

Rugargulya the Carver (Gargoyle Fighter)            Turns: 9039, Time: 00:42:26

Health: -3/88      AC: 25    Str: 24    XL:     11   Next: 3%
Magic:  11/11      EV:  2    Int:  8    God:    Hepliaklqana [**....]
Gold:   657        SH: 11    Dex:  9    Spells: 0 memorised, 10 levels left

rFire  + . .     SeeInvis .     s - +8 falchion of Anger {venom, *Rage rElec rPois rF+}
rCold  . . .     Gourm    .     (armour currently unavailable)
rNeg   + + +     Faith    .     c - +0 shield
rPois  ∞         Spirit   .     (helmet currently unavailable)
rElec  +         Reflect  .     (cloak currently unavailable)
rCorr  .         Harm     .     (gloves currently unavailable)
MR     +....     Rnd*Rage +     (boots currently unavailable)
Stlth  +......... NoTele   +    (no amulet)
                                H - ring of protection from magic
                                O - +4 ring of evasion

@: tree-form
A: reduced essence, negative energy resistance 1, (electricity resistance),
(unbreathing), petrification resistance, rot immunity, AC +7
a: Recall Ancestor, Ancestor Identity, Renounce Religion


You were on level 10 of the Dungeon.
You worshipped Hepliaklqana.
Hepliaklqana was pleased with you.
You were very hungry.
You were a tree.
You visited 2 branches of the dungeon, and saw 11 of its levels.

You collected 657 gold pieces.

Inventory:

Hand Weapons
 a - a +0 flail
 q - a +0 flail
 s - the +8 falchion of Anger (weapon) {venom, *Rage rElec rPois rF+}
   (You found it on level 6 of the Dungeon)

   It poisons the flesh of those it strikes.
   It protects you from fire.
   It insulates you from electricity.
   It protects you from poison.
   It may make you go berserk in combat.
Armour
 b - a +0 scale mail
 c - a +0 shield (worn)
 e - a +3 chain mail
 h - a +1 cloak
 p - the +1 leather armour of Loss {+Inv rElec rF+}
   (You found it on level 5 of the Dungeon)

   It protects you from fire.
   It insulates you from electricity.
   It lets you turn invisible.
 r - the +4 cloak of the Arcane (melded) {-Tele rCorr MP+9 Str-4}
   (You found it on level 6 of the Dungeon)

   It affects your strength (-4).
   It affects your magic capacity (+9).
   It prevents most forms of teleportation.
   It protects you from acid and corrosion.
 v - a +0 plate armour (melded)
 w - a +2 helmet (melded)
 S - the +3 ring mail of Pantheism {Int+2}
   (You found it on level 9 of the Dungeon)

   It affects your intelligence (+2).
Jewellery
 d - an uncursed amulet of inaccuracy
 x - an uncursed ring of poison resistance
 C - an uncursed ring of wizardry
 E - an uncursed ring of protection from fire
 H - a ring of protection from magic (right branch)
 O - a +4 ring of evasion (left branch)
 P - an uncursed ring of see invisible {unknown}
Wands
 n - a wand of lightning (0/15)
 G - a wand of enslavement (11/24)
 J - a wand of heal wounds (5/9)
Scrolls
 o - a scroll of amnesia
 u - a scroll of enchant weapon {unknown}
 y - a scroll of remove curse
 B - 2 scrolls of silence {unknown}
 F - a scroll of summoning {unknown}
 K - a scroll of random uselessness {unknown}
 N - a scroll of teleportation
 Q - a scroll of blinking {unknown}
Potions
 i - 2 potions of flight
 j - 2 potions of brilliance
 k - a potion of lignification
 z - a potion of invisibility {unknown}
 A - a potion of haste {unknown}
 D - a potion of heal wounds {unknown}
 I - a potion of agility {unknown}
 R - a potion of degeneration {unknown}
Books
 L - a book of Flames

   Spells                             Type                      Level
   a - Flame Tongue                   Conjuration/Fire             1
   b - Throw Flame                    Conjuration/Fire             2
   c - Conjure Flame                  Conjuration/Fire             3
   d - Inner Flame                    Hexes/Fire                   3
   e - Sticky Flame                   Conjuration/Fire             4
   f - Fireball                       Conjuration/Fire             5
Miscellaneous
 M - a sack of spiders
Comestibles
 f - 7 bread rations
 g - 9 meat rations
 m - 5 beef jerkies


   Skills:
 + Level 6.5 Fighting
 * Level 9.6 Long Blades
 - Level 5.7 Maces & Flails
 + Level 5.7 Armour
 + Level 3.8 Dodging
 - Level 0.5 Stealth
 + Level 9.2 Shields
 - Level 1.0 Evocations


You had 10 spell levels left.
You didn't know any spells.

Dungeon Overview and Level Annotations

Branches:
Dungeon (10/15)            Temple (1/1) D:5             Orc (0/2) D:9
   Lair: D:8-11

Altars:
Ashenzari
Cheibriados
Dithmenos
Elyvilon
Fedhas
Gozag
Hepliaklqana
Kikubaaqudgha
Makhleb
Okawaru
Qazlal
Sif Muna
Trog
Uskayaw
Xom
The Shining One

Shops:
D:5 %

Annotations:
D:5 exclusion: oklob plant
D:10 DeXoteric's ghost, novice MiFi


Innate Abilities, Weirdness & Mutations

You are resistant to torment.
((Your stone body is resilient. (AC +7)))
You are immune to poison.
You resist negative energy. (rN+)
((You are resistant to electric shocks. (rElec)))
((You can survive without breathing.))
You are immune to petrification.
You are immune to rotting.
Your life essence is reduced. (-10% HP)


Message History

You block DeXoteric's ghost's attack.
It was a potion of lignification.
You turn into a tree.
The +4 cloak of the Arcane {-Tele rCorr MP+9 Str-4} melds into your body.
Your +2 helmet melds into your body.
Your +0 plate armour melds into your body.
Your roots penetrate the ground.
DeXoteric's ghost hits you but does no damage.
You block DeXoteric's ghost's attack. You block DeXoteric's ghost's attack.
DeXoteric's ghost hits you but does no damage.
DeXoteric's ghost hits you.
* * * LOW HITPOINT WARNING * * *
DeXoteric's ghost freezes you.
* * * LOW HITPOINT WARNING * * *
DeXoteric's ghost hits you!
* * * LOW HITPOINT WARNING * * *
DeXoteric's ghost freezes you.
* * * LOW HITPOINT WARNING * * *
DeXoteric's ghost hits you!
You die...

#.......R..####
#########'##
########..#
#........##
##'######## #
#.........# ..
#.........# #..
#.W.......# .'
#..♣....<)##.#
#.........').#
#.<>......####
#####'##### #.#
#<# #.# #.# #.#


You could see DeXoteric's ghost.

Vanquished Creatures
  A hill giant (D:9)
  A deep elf mage (D:6)
  The ghost of Millan the Shield-Bearer, a novice FoFi (D:4)
  A troll (D:9)
  2 hippogriffs (D:9)
  Menkaure (D:6)
  3 ice beasts
  4 orc warriors
  A phantom (D:4)
  3 ogres
  5 centaurs
  2 big kobolds
  4 bullfrogs
  2 gnoll sergeants (D:9)
  3 scorpions
  5 killer bees (D:10)
  3 wights (D:9)
  3 howler monkeys (D:8)
  A centaur zombie (D:6)
  2 crimson imps
  A quasit (D:9)
  A bullfrog zombie (D:7)
  6 hounds
  A jelly (D:7)
  2 orc priests
  9 orc wizards
  3 bullfrog skeletons
  2 centaur skeletons (D:5)
  A gnoll shaman (D:7)
  An iguana (D:7)
  Ijyb (D:2)
  5 worker ants
  9 gnolls
  2 howler monkey skeletons
  10 adders
  A shadow imp (D:9)
  2 oozes
  An adder zombie (D:9)
  5 worms
  3 dart slugs
  3 leopard geckos
  18 orcs
  2 ball pythons (D:3)
  5 giant cockroaches
  9 goblins
  14 hobgoblins
  A jackal (D:4)
  2 quokkas
  8 bats
  7 frilled lizards
  18 kobolds
  7 rats
  A fungus (D:5)
  3 plants (D:5)
212 creatures vanquished.

Vanquished Creatures (collateral kills)
  The ghost of TheSquall the Severer, a novice MiBe of Trog (D:8)
  An orc warrior (D:10)
  A scorpion (D:5)
  2 wights (D:9)
  2 orc priests
  An orc wizard (D:9)
  A worker ant (D:5)
  A gnoll (D:9)
  5 orcs
  A giant cockroach (D:5)
  A goblin (D:5)
  A hobgoblin (D:5)
  8 kobolds
  A quokka (D:8)
  2 fungi (D:5)
  2 plants (D:5)
31 creatures vanquished.

Vanquished Creatures (others)
  A hexer (D:10)
  An ancestor (D:5)
  A goblin (D:2)
  A frilled lizard (D:2)
4 creatures vanquished.

Grand Total: 247 creatures vanquished

Notes
Turn   | Place    | Note
-------+----------+-------------------------------------------
     0 | D:1      | Rugargulya the Gargoyle Fighter began the quest for the Orb.
     0 | D:1      | Reached XP level 1. HP: 14/14 MP: 1/1
   101 | D:1      | Reached XP level 2. HP: 16/19 MP: 2/2
   415 | D:1      | Found a shattered altar of Ashenzari.
   522 | D:1      | Reached XP level 3. HP: 24/24 MP: 3/3
   779 | D:2      | Reached XP level 4. HP: 25/29 MP: 4/4
   951 | D:2      | Noticed Ijyb
   962 | D:2      | Killed Ijyb
  1342 | D:2      | Reached XP level 5. HP: 32/33 MP: 5/5
  2037 | D:4      | Noticed an ogre
  2087 | D:4      | Noticed Millan's ghost (novice FoFi)
  2108 | D:4      | Killed Millan's ghost
  2108 | D:4      | Reached skill level 1 in Dodging
  2108 | D:4      | Reached skill level 5 in Shields
  2108 | D:4      | Reached XP level 6. HP: 12/38 MP: 6/6
  2108 | D:4      | Reached XP level 7. HP: 13/43 MP: 7/7
  2161 | D:4      | Reached skill level 5 in Armour
  2453 | D:4      | Reached skill level 1 in Evocations
  2472 | D:4      | Reached skill level 5 in Maces & Flails
  2611 | D:4      | Found an opulent altar of Gozag.
  3163 | D:5      | Entered Level 5 of the Dungeon
  3203 | D:5      | Reached XP level 8. HP: 37/48 MP: 8/8
  3303 | D:5      | Reached skill level 5 in Fighting
  3340 | D:5      | Found Mevoeci's Food Shop.
  3354 | D:5      | Got a smoking leather armour
  3365 | D:5      | Identified the +1 leather armour of Loss {+Inv rElec rF+} (You found it on level 5 of the Dungeon)
  3393 | D:5      | Found a staircase to the Ecumenical Temple.
  3401 | D:5      | Found a shimmering altar of Xom.
  3402 | D:5      | Found a snail-covered altar of Cheibriados.
  3402 | D:5      | Found a stormy altar of Qazlal.
  3409 | D:5      | Found a glowing golden altar of the Shining One.
  3411 | D:5      | Found a shadowy altar of Dithmenos.
  3412 | D:5      | Found a deep blue altar of Sif Muna.
  3415 | D:5      | Found an iron altar of Okawaru.
  3416 | D:5      | Found a blossoming altar of Fedhas.
  3428 | Temple   | Entered the Ecumenical Temple
  3540 | Temple   | Became a worshipper of Hepliaklqana the Forgotten
  3591 | D:5      | Found a blossoming altar of Fedhas.
  3612 | D:5      | Noticed an oklob plant
  4610 | D:6      | Got a warped falchion
  4611 | D:6      | Identified the +8 falchion of Anger {venom, *Rage rElec rPois rF+} (You found it on level 6 of the Dungeon)
  4662 | D:6      | Reached skill level 1 in Long Blades
  4743 | D:6      | Noticed a deep elf mage
  4755 | D:6      | Killed a deep elf mage
  4755 | D:6      | Reached XP level 9. HP: 25/49 MP: 9/9
  4919 | D:6      | Got a bloodstained cloak
  4930 | D:6      | Identified the +4 cloak of the Arcane {-Tele rCorr MP+9 Str-4} (You found it on level 6 of the Dungeon)
  4960 | D:6      | Noticed Menkaure
  4965 | D:6      | Killed Menkaure
  5010 | D:6      | Found a snail-covered altar of Cheibriados.
  5093 | D:6      | Reached * piety under Hepliaklqana
  5569 | D:7      | Reached skill level 5 in Long Blades
  6252 | D:8      | Noticed TheSquall's ghost (novice MiBe)
  6268 | D:8      | Killed TheSquall's ghost
  6268 | D:8      | Reached XP level 10. HP: 54/54 MP: 10/10
  7161 | D:8      | Reached ** piety under Hepliaklqana
  7162 | D:8      | Remembered your ancestor Lizun as a hexer
  7707 | D:9      | Noticed a hill giant
  7717 | D:9      | Killed a hill giant
  7780 | D:9      | Found a staircase to the Orcish Mines.
  7929 | D:9      | Got a fine ring mail
  8077 | D:9      | Identified the +3 ring mail of Pantheism {Int+2} (You found it on level 9 of the Dungeon)
  8847 | D:10     | Entered Level 10 of the Dungeon
  8879 | D:10     | Reached XP level 11. HP: 59/59 MP: 11/11
  8973 | D:10     | Noticed DeXoteric's ghost (novice MiFi)
  9038 | D:10     | HP: 4/88 [DeXoteric's ghost (1)]
  9039 | D:10     | Slain by DeXoteric's ghost

Skill      XL: |  1  2  3  4  5  6  7  8  9 10 |
---------------+-------------------------------+-----
Shields        | 4 5 6 7 8 9 |  9.2
Maces & Flails | 3 4 5 |  5.7
Fighting       | 4 5 6 |  6.5
Armour         | 4 5 |  5.7
Dodging        | 1 2 3 |  3.8
Evocations     | 1 |  1.0
Long Blades    | 3 7 9 |  9.6
Stealth        | |  0.5

Action                   |  1- 3 |  4- 6 |  7- 9 | 10-12 || total
-------------------------+-------+-------+-------+-------++-------
Melee: Flail             |   126 |   162 |   274 |       ||   562
       Falchion          |       |       |   159 |   241 ||   400
Invok: Ancestor Identity |       |       |     1 |       ||     1
       Ancestor Life: He |       |       |       |     1 ||     1
 Abil: Evoke Invisibilit |       |       |       |     1 ||     1
Evoke: Wand              |       |     5 |       |       ||     5
  Use: Scroll            |       |     6 |     3 |       ||     9
       Potion            |       |     3 |     1 |     6 ||    10
 Stab: Distracted        |       |       |     1 |     1 ||     2
       Confused          |       |       |       |     2 ||     2
  Eat: Chunk             |       |     4 |    12 |     4 ||    20
       Meat ration       |       |       |     1 |       ||     1
       Fruit             |       |       |     1 |       ||     1
       Pizza             |       |       |       |     1 ||     1
Armor: Scale mail        |    13 |       |       |       ||    13
       Chain mail        |    63 |   114 |    72 |       ||   249
       Skin              |     3 |       |       |     3 ||     6
       Leather armour    |       |       |    80 |    41 ||   121
       Plate armour      |       |       |       |    27 ||    27
Dodge: Dodged            |    25 |    51 |   101 |    79 ||   256
Block: Shield            |    93 |    92 |   186 |   124 ||   495
       Rpst.: Falchion   |       |       |    18 |    21 ||    39
